 Dungeon Crawl Stone Soup version 0.31-a0-879-g1609e0ac53 (webtiles) character file.

Game seed: 16540278693641117781

9514 Spaninq the Fighter (level 11, -9/75 (89) HPs)
             Began as a Demonspawn Cinder Acolyte on Oct 14, 2023.
             Was a High Priest of Ignis.
             Killed from afar by Nergalle (47 damage)
             ... with a bolt of negative energy
             ... on level 11 of the Dungeon.
             The game lasted 00:43:27 (14095 turns).

Spaninq the Fighter (Demonspawn Cinder Acolyte)    Turns: 14095, Time: 00:43:27

HP:   -9/75 (89)    AC: 19    Str: 19    XL:     11   Next: 24%
MP:   12/20         EV: 11    Int: 16    God:    Ignis [*****.]
Gold: 735           SH:  0    Dex:  8    Spells: 20/22 levels left

rFire   + . .        y - +2 falchion (flame)
rCold   . . .        (no shield)
rNeg    . . .        s - +0 steam dragon scales
rPois   .            (helmet unavailable)
rElec   .            f - +1 cloak
rCorr   .            x - +0 pair of gloves
SInv    +            v - +0 pair of boots
Will    +....        (no amulet)
Stlth   +            E - +4 ring of slaying
HPRegen 0.32/turn    A - ring of willpower
MPRegen 0.17/turn

%: no passive effects
@: fiery-armoured, heavily drained
A: antennae 3, thin metallic scales 2, spiny 1
a: Renounce Religion, Fiery Armour, Foxfire Swarm


You were on level 11 of the Dungeon.
You worshipped Ignis.
Ignis was extremely pleased with you.
You visited 2 branches of the dungeon, and saw 13 of its levels.
You also visited: Sewer.

You collected 735 gold pieces.

Inventory:

Hand Weapons
 g - a +2 short sword of flaming
 y - a +2 falchion of flaming (weapon)
Missiles
 B - a throwing net
Armour
 a - a +2 chain mail of cold resistance
 f - a +1 cloak (worn)
 s - +0 steam dragon scales (worn)
 v - a +0 pair of boots (worn)
 x - a +0 pair of gloves (worn)
Jewellery
 u - a ring of wizardry
 A - a ring of willpower (right hand)
 E - a +4 ring of slaying (left hand)
Wands
 j - a wand of iceblast (11)
 p - a wand of mindburst (5)
 r - a wand of polymorph (11)
 C - a wand of acid (9)
 F - a wand of flame (11)
 G - a wand of paralysis (5)
Scrolls
 b - a scroll of fear
 i - 2 scrolls of poison
 m - a scroll of blinking
 o - 4 scrolls of teleportation
 q - 2 scrolls of brand weapon
 w - 2 scrolls of amnesia
 z - 2 scrolls of enchant weapon
 D - a scroll of revelation {unknown}
Potions
 c - 4 potions of lignification
 d - a potion of haste
 e - 3 potions of mutation
 h - a potion of cancellation {unknown}
 k - 3 potions of curing
 l - a potion of magic
 n - 2 potions of might
 t - 2 potions of brilliance


   Skills:
 + Level 9.3 Fighting
 * Level 8.5(9.9) Short Blades
 - Level 8.0(9.7) Long Blades
 + Level 6.2 Spellcasting
 + Level 6.2 Fire Magic


You had 20 spell levels left.
You knew the following spells:

 Your Spells              Type           Power      Damage    Failure   Level
a - Scorch                Fire           50%        2d7       1%          2

Your spell library contained the following spells:

 Spells                   Type           Power      Damage    Failure   Level
 Summon Small Mammal      Summ           20%        N/A       14%         1
 Ensorcelled Hibernation  Hex/Ice        10%        N/A       21%         2
 Passwall                 Tmut/Erth      4%         N/A       21%         2
 Call Canine Familiar     Summ           5%         N/A       38%         3
 Summon Guardian Golem    Hex/Summ       5%         N/A       38%         3
 Swiftness                Air            5%         N/A       38%         3
 Leda's Liquefaction      Hex/Erth       2%         N/A       80%         4
 Lee's Rapid Deconstruct  Erth           2%         3d5*      98%         5
 Bombard                  Conj/Erth      2%         9d1       100%        6


Dungeon Overview and Level Annotations

Branches:
Dungeon (11/15)            Temple (1/1) D:7            Lair (0/5) D:10
  Sewer (visited)
    Orc: D:9-12

Altars:
Ashenzari
Cheibriados
Dithmenos
Fedhas
Gozag
Hepliaklqana
Kikubaaqudgha
Makhleb
Nemelex Xobeh
Okawaru
Qazlal
Ru
Sif Muna
Trog
Uskayaw
Vehumet
Wu Jian
Xom
Yredelemnul

Shops:
D:5 (:   D:8 =   D:10 *

Annotations:
D:9 1 runed translucent door, kd29's ghost, novice GrEE
D:11 Harold; Nergalle


Innate Abilities, Weirdness & Mutations

You have a pair of large antennae on your head. (SInv)
You are mostly covered in thin metallic scales. (AC +3)
You are partially covered in sharp spines.


Message History

You hit Nergalle. You burn Nergalle.
Nergalle is moderately wounded.
The spectral orc warlord hits you.
You feel drained.
Nergalle gestures at you while chanting.
Orcish apparitions take form around you.
A protective cloak of flame settles atop you.
An orc comes into view. It is wielding a +0 trident.
The spectral orc warlord hits you but does no damage.
Nergalle is struck by your spines. Nergalle hits you with a +0 dagger.
You closely miss Nergalle.
Nergalle is heavily wounded.
An orc comes into view. It is wielding a +0 club.
The spectral orc warlord is struck by your spines.
The spectral orc warlord hits you but does no damage.
The spectral orc warlord is burned by your cloak of flames.
The spectral orc warlord is lightly damaged.
Nergalle barely misses you.
The orc shouts!
You hit Nergalle but do no damage.
Nergalle is heavily wounded.
You hear a shout!
Unknown command.
You closely miss Nergalle.
Nergalle is heavily wounded.
The spectral orc warlord hits you.
You feel drained. Nergalle hits you but does no damage.
Unknown command.
You barely miss Nergalle.
Nergalle is heavily wounded.
The spectral orc warlord hits you. Nergalle hits you but does no damage.
You barely miss Nergalle.
Nergalle is heavily wounded.
Nergalle is no longer more vulnerable to fire.
The spectral orc warlord hits you but does no damage.
The spectral orc warlord is burned by your cloak of flames.
The spectral orc warlord is lightly damaged.
Nergalle gestures at you while chanting.
The bolt of negative energy hits you!!!
You feel drained.
Ouch! That really hurt!
You die...

#.##.# #.######..# #.#
#. #.##.## #.# #..# #.#
#. #.##..# #.# #... ..#
## #.###.# #.# ##+## ###
#.###.###.# ##...##
#.........# ##.....##
#####..######.......##
##...####Z........####..
#....ZZ@oooo......'.....
#....####o..<(..##)###..
#.#.## ##.....##oo#
#...# ##...## .# ##.##
##.## ,.# #.# ### {,##
#####.#### {{ #........#
{{ { #.###.##.#


You could see Nergalle, 2 spectral orc warriors, a spectral orc warlord
(summoned) and 4 orcs.

Vanquished Creatures
  A boulder beetle (D:8)
  A cyclops (D:11)
  An unseen horror (D:10)
  A troll (D:10)
  Grinder (D:3)
  A hornet (D:8)
  2 shadows
  2 wraiths (D:9)
  Eustachio (D:5)
  A vampire (D:10)
  A wyvern (D:7)
  14 yaks
  2 vampire mosquitoes (D:11)
  3 steam dragons
  Edmund (D:4)
  An acid dragon (D:10)
  A water moccasin (D:7)
  An orc warrior (D:7)
  3 ice beasts
  An ogre (D:3)
  3 black bears
  3 wolves
  2 kobold brigands
  Blork the orc (D:5)
  2 gnoll sergeants
  4 bullfrogs
  4 scorpions
  3 wights (D:6)
  5 killer bees
  2 electric eels (D:10)
  2 howler monkeys
  A centaur zombie (D:4)
  7 orc priests
  9 hounds
  Crazy Yiuf (D:3)
  2 gnoll boudas
  2 iguanas
  A scorpion zombie (D:4)
  Natasha (thrice) (D:4)
  11 orc wizards
  A hound zombie (D:4)
  2 hound skeletons (D:4)
  Robin (D:2)
  11 gnolls
  12 adders
  2 shadow imps
  2 white imps
  2 ufetubi (D:7)
  An adder zombie (D:4)
  An adder skeleton (D:4)
  3 worms (D:3)
  A dart slug (D:1)
  24 orcs
  14 ball pythons
  A bat (D:2)
  20 endoplasms
  11 giant cockroaches
  12 goblins
  9 hobgoblins
  2 jackals (D:1)
  14 quokkas
  10 frilled lizards
  13 kobolds
  6 rats
283 creatures vanquished.

Vanquished Creatures (others)
  A jelly (D:7)
  A white imp (D:7)
2 creatures vanquished.

Grand Total: 285 creatures vanquished

Notes
Turn   | Place    | Note
-------+----------+-------------------------------------------
     0 | D:1      | Spaninq the Demonspawn Cinder Acolyte began the quest for
                  | the Orb.
     0 | D:1      | Reached XP level 1. HP: 18/18 MP: 2/2
   340 | D:1      | Gained mutation: You are partially covered in thin metallic
                  | scales. (AC +2) [demonic ancestry]
   340 | D:1      | Reached XP level 2. HP: 24/24 MP: 3/3
   554 | D:1      | Learned a level 2 spell: Scorch
  1101 | D:2      | Noticed Robin
  1113 | D:2      | Gained mutation: You are partially covered in sharp spines.
                  | [demonic ancestry]
  1113 | D:2      | Reached XP level 3. HP: 29/29 MP: 0/5
  1129 | D:2      | Killed Robin
  1320 | D:2      | Noticed a scorpion
  1333 | D:2      | Killed a scorpion
  1334 | D:2      | Gained mutation: You have a pair of small antennae on your
                  | head. [demonic ancestry]
  1334 | D:2      | Reached XP level 4. HP: 32/37 MP: 1/7
  1587 | D:3      | Noticed Grinder
  1594 | D:3      | Paralysed by Grinder for 3 turns
  1601 | D:3      | Killed Grinder
  1602 | D:3      | Reached skill level 4 in Fighting
  1602 | D:3      | Reached skill level 5 in Long Blades
  1602 | D:3      | Gained mutation: You are mostly covered in thin metallic
                  | scales. (AC +3) [demonic ancestry]
  1602 | D:3      | Reached XP level 5. HP: 25/43 MP: 0/8
  1602 | D:3      | Reached XP level 6. HP: 28/49 MP: 0/9
  1798 | D:3      | Found a glowing drain.
  1819 | Sewer    | Entered a sewer
  2462 | Sewer    | Reached XP level 7. HP: 55/55 MP: 4/10
  3035 | D:3      | Found a runed translucent door.
  3036 | D:3      | Noticed Crazy Yiuf
  3043 | D:3      | Killed Crazy Yiuf
  3312 | D:4      | Noticed Edmund
  3335 | D:4      | Killed Edmund
  3336 | D:4      | Reached skill level 5 in Fighting
  3805 | D:4      | Gained mutation: You have a pair of antennae on your head.
                  | [demonic ancestry]
  3805 | D:4      | Reached XP level 8. HP: 45/63 MP: 8/12
  3816 | D:4      | Noticed Natasha
  3930 | D:4      | Killed Natasha
  3945 | D:4      | Noticed Natasha
  3949 | D:4      | Killed Natasha
  4454 | D:4      | Noticed Natasha
  4467 | D:4      | Killed Natasha
  4797 | D:5      | Entered Level 5 of the Dungeon
  4992 | D:5      | Found a hide-covered altar of Uskayaw.
  4993 | D:5      | Noticed Eustachio
  4993 | D:5      | Noticed Blork the orc
  5024 | D:5      | Killed Blork the orc
  5039 | D:5      | Killed Eustachio
  5040 | D:5      | Reached skill level 6 in Fighting
  5232 | D:5      | Found Kuj Veos's Tremendous Tomes.
  5447 | D:5      | Found Lihec's Weapon Shop.
  5751 | D:5      | Reached skill level 1 in Short Blades
  6172 | D:6      | Reached XP level 9. HP: 53/71 MP: 15/15
  7003 | D:6      | Reached skill level 7 in Fighting
  7571 | D:7      | Found a staircase to the Ecumenical Temple.
  7580 | Temple   | Entered the Ecumenical Temple
  8058 | D:7      | Found a hazy altar of Hepliaklqana.
  8115 | D:7      | Reached skill level 5 in Short Blades
  8546 | D:7      | Found a basalt altar of Yredelemnul.
  9257 | D:8      | Gained mutation: You have a pair of large antennae on your
                  | head. (SInv) [demonic ancestry]
  9257 | D:8      | Reached XP level 10. HP: 73/80 MP: 14/17
  9306 | D:8      | Reached skill level 8 in Fighting
  9622 | D:8      | Identified the +1 robe of Yredelemnul's Delight {Contam
                  | rCorr SInv Archmagi}
 10028 | D:9      | Found a runed translucent door.
 10028 | D:9      | Noticed kd29's ghost (novice GrEE)
 10090 | D:8      | Found Uledow's Jewellery Boutique.
 10165 | D:8      | Reached skill level 5 in Fire Magic
 10359 | D:9      | You fall into a shaft and drop 3 floors!
 10378 | D:11     | Reached skill level 5 in Spellcasting
 10600 | D:11     | Noticed Harold
 10610 | D:10     | Entered Level 10 of the Dungeon
 10805 | D:9      | HP: 2/80 [yak (9)]
 11026 | D:9      | Noticed a boulder beetle
 11048 | D:8      | Killed a boulder beetle
 12672 | D:10     | Found a staircase to the Lair.
 12826 | D:10     | Reached skill level 9 in Fighting
 12833 | D:10     | Reached XP level 11. HP: 65/89 MP: 0/20
 13116 | D:10     | Found Xizuidd's Overcharged Wands.
 13363 | D:10     | Identified the +1 cloak of Objectivity {rElec rCorr Str-4
                  | Dex-5}
 13942 | D:11     | Noticed Nergalle
 14087 | D:11     | Noticed a spectral orc warlord
 14095 | D:11     | Killed from afar by Nergalle

Illustrated notes

Levels and vault maps discovered:
D:1:      psy_arrival_spokes, layout_basic, minmay_pentomino_x2
D:2:      layout_basic, uniq_robin
D:3:      layout_loops_ring, gup_sewer_entry_bubbles, uniq_crazy_yiuf_cottage,
          uniq_grinder
D:4:      layout_basic, serial_undead, serial_undead_c, serial_undead_d,
          serial_undead_e, serial_undead_f, kennysheep_flooded_box,
          uniq_natasha, uniq_edmund
D:5:      layout_basic, nicolae_uskayaw_dance_hall, serial_shops, shop,
          serial_park_tiny_pond, nicolae_shop_i_like_big_books, uniq_eustachio,
          uniq_blork_the_orc
D:6:      layout_cave_pods, hangedman_decor_lopped, lemuel_flamethrower_2
D:7:      layout_loops_ring, grunt_temple_overflow_holy_war,
          nicolae_hepliaklqana_hazy_memory, minmay_temple_entry_wispy,
          minmay_quadrilaterals
D:8:      layout_basic, serial_shops, shop
D:9:      layout_cave_pools, hellmonk_ghost_big_iron, nicolae_underground_beach
D:10:     layout_basic, erik_lair_island, nicolae_shop_overcharged_wands
D:11:     layout_loops_corners, hiddenorc1_lemuel, minmay_alternating_orb,
          uniq_nergalle, uniq_harold
D:12:     layout_irregular_city, hangedman_decor_push, uniq_urug
Temple:   hc_temple_tempest_star

Skill      XL: |  1  2  3  4  5  6  7  8  9 10 |
---------------+-------------------------------+-----
Long Blades    | 3 5 6 8 |  8.0
Fire Magic     | 3 4 6 |  6.2
Spellcasting   | 2 3 4 6 |  6.2
Fighting       | 4 5 6 7 9 |  9.3
Short Blades   | 1 5 8 |  8.5

Action                     |  1- 3 |  4- 6 |  7- 9 | 10-12 || total
---------------------------+-------+-------+-------+-------++-------
  Melee: Falchion          |    30 |       |    40 |   131 ||   201
         Short sword       |    64 |    67 |   274 |       ||   405
         Punch             |     1 |     2 |     4 |     2 ||     9
   Cast: Scorch            |    10 |    36 |   137 |   148 ||   331
 Invoke: Rising Flame      |       |       |       |     1 ||     1
         Fiery Armour      |       |       |       |     1 ||     1
    Use: Scroll            |       |       |    17 |     5 ||    22
         Potion            |       |       |       |     3 ||     3
   Stab: Sleeping          |       |     2 |       |       ||     2
 Armour: Robe              |    42 |    37 |   162 |       ||   241
         Steam dragon scal |       |       |    86 |   188 ||   274
  Dodge: Dodged            |    45 |    24 |   173 |   122 ||   364

Table legend: (Time is in decaauts)
 A = Elapsed time spent in this place.
 B = Non-inter-level travel time spent in this place.
 C = Inter-level travel time spent in this place.
 D = Time resting spent in this place.
 E = Time spent auto-exploring this place.
 F = Levels seen in this place.
 G = Mean time per level.
                   A        B        C        D        E       F      G
               +--------+--------+--------+--------+--------+-----+--------+
         Total |  14157 |  13574 |    583 |   2845 |   7846 |  14 | 1011.2 |
       Dungeon |  13237 |  12654 |    583 |   2510 |   7546 |  12 | 1103.1 |
        Temple |     83 |     83 |      0 |     79 |      0 |   1 |   83.0 |
         Sewer |    837 |    837 |      0 |    256 |    299 |   1 |  837.0 |
               +--------+--------+--------+--------+--------+-----+--------+

Top non-repeatable levels by time:
     D:8: 2044 daAuts
     D:7: 1655 daAuts
     D:5: 1447 daAuts
    D:10: 1300 daAuts
     D:3: 1278 daAuts
     D:4: 1248 daAuts
     D:9: 1175 daAuts
     D:6: 1173 daAuts
     D:1: 848 daAuts
   Sewer: 837 daAuts
     D:2: 642 daAuts
    D:11: 420 daAuts
  Temple: 83 daAuts
    D:12: 2 daAuts
